 Dungeon Crawl Stone Soup version 0.28-a0-1616-g050a50673c (webtiles) character file.

Game seed: 4480134512408264066

67 dracfodder the Conjurer (level 4, -7/28 (30) HPs)
             Began as a Human Conjurer on Jan 22, 2022.
             Mangled by a hell rat (16 damage)
             ... in a sewer.
             The game lasted 00:13:24 (2037 turns).

dracfodder the Conjurer (Human Conjurer)            Turns: 2037, Time: 00:13:25

HP:   -7/28 (30)    AC:  2    Str:  7    XL:     4   Next: 40%
MP:   0/7           EV: 12    Int: 20    God:
Gold: 57            SH:  0    Dex: 12    Spells: 4/7 levels left

rFire   . . .      SeeInvis .   a - +2 dagger (holy)
rCold   . . .      Faith    .   (no shield)
rNeg    . . .      Spirit   .   c - +0 robe
rPois   .          Reflect  .   (no helmet)
rElec   .          Harm     .   (no cloak)
rCorr   .          Rampage  .   (no gloves)
Will    .....                   (no boots)
Stlth   +.........              (no amulet)
HPRegen 0.09/turn               (no ring)
MPRegen 0.10/turn               (no ring)

@: drained, very slow
A: no striking features
a: no special abilities


You were in a sewer.
You visited 1 branch of the dungeon, and saw 3 of its levels.
You also visited: Sewer.

You collected 57 gold pieces.

Inventory:

Hand Weapons
 a - a +2 dagger of holy wrath (weapon)
Missiles
 b - 63 stones
 h - 29 arrows
 j - 2 poisoned darts
Armour
 c - a +0 robe (worn)
Scrolls
 g - a scroll of vulnerability {unknown}
 i - a scroll of identify {unknown}
 k - 2 scrolls of fear {unknown}
Potions
 d - 2 potions of degeneration {unknown}
 e - a potion of haste {unknown}
 f - a potion of magic {unknown}


   Skills:
 + Level 2.3 Dodging
 + Level 2.1 Stealth
 * Level 2.4 Spellcasting
 + Level 5.1 Conjurations


You had 4 spell levels left.
You knew the following spells:

 Your Spells              Type           Power      Damage    Failure   Level
a - Magic Dart            Conj           88%        1d7       1%          1
b - Searing Ray           Conj           44%        2d6       2%          2

Your spell library contained the following spells:

 Spells                   Type           Power      Damage    Failure   Level
 Static Discharge         Conj/Air       12%        N/A       9%          2
 Dazzling Flash           Conj/Hex       24%        N/A       16%         3
 Fulminant Prism          Conj/Hex       6%         3d7       47%         4
 Iskenderun's Mystic Bla  Conj/Tloc      12%        2d5       47%         4
 Sticky Flame             Conj/Fire      12%        2d4       47%         4
 Dispel Undead            Necr           2%         3d7       83%         4


Dungeon Overview and Level Annotations

Branches:
Dungeon (3/15)              Sewer (1/1)

Altars:
Uskayaw


Message History

You enter the shallow water.
Moving in this stuff is going to be slow.
You see here a rat corpse.
You open the door.
A hell rat comes into view.
The hell rat roars deafeningly!
Found seven items.
Found a gate leading back out of this place.
Aiming: Searing Ray (safe; 2% risk of failure)
Press: ? - help, Q - select action, (/) - cycle Shift-Dir - straight line, f - hell rat
Aim: a hell rat (78% to hit)
The searing ray hits the hell rat but does no damage. (Press . to maintain the ray.) Unknown command.
The searing ray hits the hell rat!
The hell rat is moderately wounded.
The searing ray hits the hell rat.
The hell rat is severely wounded.
The hell rat completely misses you.
The searing ray hits the hell rat but does no damage.
The hell rat is severely wounded.
You finish channelling your searing ray.
The hell rat barely misses you.
Aiming: Searing Ray (safe; 2% risk of failure)
Press: ? - help, Q - select action, (/) - cycle Shift-Dir - straight line, f/p - hell rat
Aim: a hell rat (severely wounded, 78% to hit)
The searing ray hits the hell rat.
The hell rat is almost dead. (Press . to maintain the ray.)
The hell rat closely misses you.
Without enough magic to sustain it, your searing ray dissipates.
The hell rat bites you.
You feel drained. The hell rat barely misses you. The hell rat bites you!
Ouch! That really hurt!
You feel drained.
You barely miss the hell rat.
The hell rat is almost dead.
The hell rat bites you!
Ouch! That really hurt!
You die...

###≈.≈###
#.≈..≈≈.#
##≈≈≈.†≈≈##
#≈.≈###≈..#
##.≈## ##..##
#≈≈≈# ..#..≈#
#..##≈≈?##≈≈#
#≈≈#≈≈≈!!#≈.#
#≈@r≈≈≈!∩#∩∩#
#≈≈#≈≈≈?!#..#
#≈†##≈≈!##≈.#
#.≈≈# ≈.#≈≈≈#
##.≈## ##.≈##
#...###≈..#
##≈≈.≈..≈#
#≈≈..≈≈.#
###≈..###


You could see a hell rat.

Vanquished Creatures
  2 adders (D:2)
  A worm (D:2)
  A dart slug (D:1)
  4 ball pythons
  A bat (D:3)
  4 endoplasms
  A giant cockroach (D:1)
  4 goblins
  5 hobgoblins
  5 quokkas
  3 frilled lizards (D:1)
  6 kobolds
  5 rats
42 creatures vanquished.

Notes
Turn   | Place    | Note
-------+----------+-------------------------------------------
     0 | D:1      | dracfodder the Human Conjurer began the quest for the Orb.
     0 | D:1      | Reached XP level 1. HP: 13/13 MP: 3/3
   253 | D:1      | Reached XP level 2. HP: 19/19 MP: 3/5
   277 | D:1      | Learned a level 2 spell: Searing Ray
   691 | D:1      | Reached XP level 3. HP: 24/24 MP: 3/6
  1285 | D:2      | Reached XP level 4. HP: 30/30 MP: 2/7
  1465 | D:2      | Reached skill level 5 in Conjurations
  1778 | D:3      | Found a hide-covered altar of Uskayaw.
  1835 | D:3      | Found a glowing drain.
  1942 | Sewer    | Entered a sewer
  2037 | Sewer    | Mangled by a hell rat

Illustrated notes

Levels and vault maps discovered:
D:1:      amcnicky_arrival_abandoned_market, layout_basic
D:2:      layout_loops_ring, nicolae_ecumenical_lake_church,
          grunt_ministairs_15, serial_park_tiny_2, minmay_tetromino_i4
D:3:      layout_loops_corners, nzn_wu_jian_contemplation,
          nicolae_uskayaw_dance_hall, lemuel_tele_altar, portal_sewer_entry_f,
          chequers_mini_garden, cheibrodos_gnoll_hut
Sewer:    sewer_hellmonk_bad_rat

Skill      XL: |  1  2  3  4 |
---------------+-------------+-----
Conjurations   | 5 |  5.1
Dodging        | |  2.3
Stealth        | |  2.1
Spellcasting   | |  2.4

Action                   |  1- 3 |  4- 6 || total
-------------------------+-------+-------++-------
Melee: Dagger            |       |     7 ||     7
       Punch             |       |     1 ||     1
Throw: Dart              |     2 |       ||     2
 Cast: Magic Dart        |    13 |     3 ||    16
       Searing Ray       |    14 |    15 ||    29
  Use: Scroll            |       |     1 ||     1
Armor: Robe              |       |     1 ||     1
Dodge: Dodged            |     3 |     8 ||    11

Table legend: (Time is in decaauts)
 A = Elapsed time spent in this place.
 B = Non-inter-level travel time spent in this place.
 C = Inter-level travel time spent in this place.
 D = Time resting spent in this place.
 E = Time spent auto-exploring this place.
 F = Levels seen in this place.
 G = Mean time per level.
                   A        B        C        D        E       F      G
               +--------+--------+--------+--------+--------+-----+--------+
         Total |   2050 |   2031 |     19 |    832 |    786 |   4 |  512.5 |
       Dungeon |   1946 |   1927 |     19 |    787 |    784 |   3 |  648.7 |
         Sewer |    104 |    104 |      0 |     45 |      2 |   1 |  104.0 |
               +--------+--------+--------+--------+--------+-----+--------+

Top non-repeatable levels by time:
     D:1: 1104 daAuts
     D:2: 666 daAuts
     D:3: 175 daAuts
   Sewer: 104 daAuts
